 Dungeon Crawl Stone Soup version 0.22-a0-113-gdd6f4a9 (webtiles) character file.

60 kuniqs the Caller (level 3, -5/19 HPs)
             Began as a Deep Elf Summoner on Jan 28, 2018.
             Killed by divine providence
             ... invoked by an orc priest
              (11 damage)
             ... on level 3 of the Dungeon.
             The game lasted 00:04:54 (2670 turns).

kuniqs the Caller (Deep Elf Summoner)               Turns: 2670, Time: 00:04:55

Health: -5/19      AC:  6    Str:  5    XL:     3   Next: 82%
Magic:  6/11       EV: 13    Int: 20    God:
Gold:   150        SH:  0    Dex: 15    Spells: 5/11 levels left

rFire    . . .     SeeInvis .   i - +0 dagger
rCold    . . .     Gourm    .   (no shield)
rNeg     . . .     Faith    .   s - +2 animal skin
rPois    .         Spirit   .   t - +0 helmet
rElec    .         Reflect  .   (no cloak)
rCorr    .         Harm     .   (no gloves)
MR       .....                  k - +0 pair of boots
Stlth    ++........             (no amulet)
HPRegen  0.06/turn              g - +2 ring of slaying
MPRegen  0.12/turn              (no ring)

@: no status effects
A: no striking features
a: no special abilities


You were on level 3 of the Dungeon.
You were very hungry.

You visited 1 branch of the dungeon, and saw 3 of its levels.

You collected 150 gold pieces.

Inventory:

Hand Weapons
 i - a +0 dagger (weapon)
Armour
 e - a +0 buckler
 k - a +0 pair of boots (worn)
 s - a +2 animal skin (worn)
 t - a +0 helmet (worn)
Jewellery
 g - a +2 ring of slaying (left hand)
Scrolls
 f - a scroll of blinking {unknown}
 j - 2 scrolls of remove curse {unknown}
 l - a scroll of random uselessness {unknown}
 m - a scroll of teleportation {unknown}
 o - 2 scrolls of identify {unknown}
 q - a scroll of amnesia {unknown}
Potions
 d - a potion of flight {unknown}
 h - a potion of heal wounds {unknown}
 n - a potion of brilliance {unknown}
 p - a potion of agility {unknown}
Books
 b - a book of Callings

   Spells                             Type                      Level
   a - Summon Small Mammal            Summoning                    1
   b - Call Imp                       Summoning                    2
   c - Call Canine Familiar           Summoning                    3
   d - Summon Guardian Golem          Hexes/Summoning              3
   e - Summon Lightning Spire         Summoning/Air                4
   f - Summon Ice Beast               Ice/Summoning                4
Comestibles
 c - 4 rations


   Skills:
 - Level 2.4 Dodging
 - Level 2.4 Stealth
 + Level 4.6 Spellcasting
 + Level 5.2 Summonings


You had 5 spell levels left.
You knew the following spells:

 Your Spells              Type           Power        Failure   Level  Hunger
a - Summon Small Mammal   Summ           ####         1%          1    None
b - Call Imp              Summ           ####....     1%          2    #......
c - Call Canine Familiar  Summ           ####....     4%          3    ##.....


Dungeon Overview and Level Annotations

Branches:
Dungeon (3/15)

Altars:
Kikubaaqudgha
Wu Jian


Message History

The orc priest calls down the wrath of Beogh upon you.
Beogh smites you!
Ouch! That really hurt!
* * * LOW HITPOINT WARNING * * *
The orc barely misses your hound.
Your hound bites the orc priest but does no damage.
The orc priest closely misses your hound.
Your hound bites the orc priest.
The orc hits your hound with a short sword of draining.
Your hound bites the orc.
The orc priest looks satisfied for a moment.
The orc hits your hound with a short sword of draining.
The orc drains your hound!
Your hound dies!
Your hound's corpse disappears in a puff of smoke!
The orc priest shouts!
The orc priest calls down the wrath of Beogh upon you.
Beogh smites you!
Ouch! That really hurt!
You die...

###.##.##............#
#.# #
..........o.)).......#
#.#####
###.##.##.######.....#
#...... ##.#.#..#
#......############
##...#.#
#..................
######o##.#
#.oo###############
.......##.# ##h##
#####(.##.# #(#
#####..##.# #@#
..(.o..##.# #.#
#.###..# .# #.# ..
#..# #.### #. ...#
#...# .# ##..# ###.# .
#..# #.# . #..# #.# .
...# #.#


You could see an orc priest, an orc and a friendly hound.

Vanquished Creatures
  2 worms (D:2)
  3 orcs (D:3)
  2 bat zombies (D:2)
  A giant cockroach (D:3)
  5 goblins
  4 hobgoblins
  2 jackals (D:1)
  A ball python (D:2)
  2 kobolds
  2 rats (D:1)
  2 rat zombies (D:2)
26 creatures vanquished.

Vanquished Creatures (collateral kills)
  Robin (D:3)
  A worm (D:2)
  A leopard gecko (D:1)
  2 orcs (D:3)
  6 goblins
  5 hobgoblins
  2 jackals (D:1)
  2 kobolds
  2 ball pythons (D:1)
  A bat (D:1)
  A rat (D:1)
24 creatures vanquished.

Grand Total: 50 creatures vanquished

Notes
Turn   | Place    | Note
-------+----------+-------------------------------------------
     0 | D:1      | kuniqs the Deep Elf Summoner began the quest for the Orb.
     0 | D:1      | Reached XP level 1. HP: 10/10 MP: 6/6
   645 | D:1      | Reached XP level 2. HP: 15/15 MP: 4/8
   653 | D:1      | Learned a level 2 spell: Call Imp
  1660 | D:2      | Reached XP level 3. HP: 19/19 MP: 10/10
  1668 | D:2      | Reached skill level 5 in Summonings
  1689 | D:2      | Learned a level 3 spell: Call Canine Familiar
  1694 | D:2      | Found an ancient bone altar of Kikubaaqudgha.
  1924 | D:3      | Noticed Robin
  1953 | D:3      | Killed Robin
  2146 | D:3      | Found an ornate altar of the Wu Jian Council.
  2670 | D:3      | Killed from afar by an orc priest

Vault maps used:
D:1:      sevenhm_arrival_forest_fort_large_2, minmay_tetromino_i4
D:2:      lemuel_zombie_altar_kikubaaqudgha
D:3:      overflow_temple_1_default, overflow_temple_1_default,
          eat_drink_and_be_merry_uskayaw, uniq_robin, uniq_crazy_yiuf_cottage,
          uniq_grinder, uniq_sigmund, uniq_jessica

Skill      XL: |  1  2  3 |
---------------+----------+-----
Spellcasting   | 4 |  4.6
Summonings     | 5 |  5.2
Dodging        | |  2.4
Stealth        | |  2.4

Action                   || total
-------------------------++-------
Melee: Dagger            ||   111
       Unarmed           ||     1
 Cast: Summon Small Mamm ||    15
       Call Imp          ||     9
       Call Canine Famil ||     8
 Stab: Distracted        ||     1
       Sleeping          ||     5
  Eat: Chunk             ||     5
Armor: Robe              ||    22
       Animal skin       ||     4
Dodge: Dodged            ||    97

Table legend:
 A = Spawn XP
 B = Non-spawn XP
 C = Spawn XP percentage of total XP
 D = Spawn monster count
 E = Non-spawn monster count
 F = Spawn count percentage of total count
 G = Total turns spent on level
                    A         B        C        D         E        F      G
               +---------+---------+-------+---------+---------+-------+---------
         Total |       0 |      87 |   0.0 |       0 |      50 |   0.0 |  2670
               +---------+---------+-------+---------+---------+-------+---------
           D:1 |       0 |      24 |   0.0 |       0 |      19 |   0.0 |  1120
           D:2 |       0 |      22 |   0.0 |       0 |      11 |   0.0 |  1063
           D:3 |       0 |      41 |   0.0 |       0 |      20 |   0.0 |   487
               +---------+---------+-------+---------+---------+-------+---------
